 Dungeon Crawl Stone Soup version 0.31.0-32-g396128a36d (webtiles) character file.

Game seed: 9086185113496916953

4622 melchizedek the Grappler (level 10, -2/60 HPs)
             Began as an Octopode Shapeshifter on Apr 4, 2024.
             Was an Initiate of Gozag.
             Slain by a bullfrog (4 damage)
             ... on level 8 of the Dungeon.
             The game lasted 00:39:25 (9577 turns).

melchizedek the Grappler (Octopode Shapeshifter)    Turns: 9577, Time: 00:39:27

Health: -2/60      AC:  1    Str: 20    XL:     10   Next: 42%
Magic:  11/11      EV: 14    Int: 12    God:    Gozag
Gold:   535        SH:  4    Dex: 14    Spells: 9/10 levels left

rFire   . .          .
                       - Unarmed
rCold   . . .        b - +0 buckler
rNeg    . . .        (helmet currently unavailable)
rPois   +            (no amulet)
rElec   .            f - +4 ring of slaying
rCorr   +            x - ring of resist corrosion
SInv    .            z - ring of poison resistance
Will    .....        (no ring)
Stlth   +++++        (no ring)
HPRegen 0.30/turn    (no ring)
MPRegen 0.12/turn    (no ring)
                     (no ring)

%: no passive effects
@: beast-form
A: beast (slay +2), almost no armour, amphibious, 8 rings, camouflage 1,
gelatinous body 1, (nimble swimmer 1), tentacles
a: Begin Untransformation, Renounce Religion, Potion Petition, Call Merchant,
Bribe Branch


You were on level 8 of the Dungeon.
You worshipped Gozag.
Gozag was pleased with you.
You were a hulking beast.
You visited 3 branches of the dungeon, and saw 11 of its levels.
You also visited: Sewer.

You collected 646 gold pieces.
You paid 111 gold pieces to Gozag.

Inventory:

Missiles
 k - a curare-tipped dart
 q - 12 poisoned darts (quivered)
Armour
 b - a +0 buckler (worn)
 y - an orb of light
Magical Staves
 w - a staff of air
 B - a staff of fire
Jewellery
 f - a +4 ring of slaying (left tentacle)
 m - an amulet of faith
 o - a ring of flight
 x - a ring of resist corrosion (right tentacle)
 z - a ring of poison resistance (on tentacle)
Talismans
 c - a flux talisman
 E - the beast talisman of True Grit (active) {Str+4}
   (You found it on level 7 of the Dungeon)

   [beast talisman]

   Str+4:     It affects your strength (+4).
Wands
 C - a wand of digging (4)
Scrolls
 e - 2 scrolls of teleportation
 i - a scroll of vulnerability
 j - 2 scrolls of fog {unknown}
 l - 2 scrolls of brand weapon
 n - a scroll of blinking {unknown}
 p - a scroll of revelation
 r - 2 scrolls of poison
 u - 3 scrolls of enchant weapon
 v - 2 scrolls of identify
Potions
 a - a potion of lignification
 d - 3 potions of curing
 g - 4 potions of brilliance
 h - 3 potions of enlightenment
 s - a potion of attraction
 t - a potion of magic {unknown}
 A - a potion of heal wounds {unknown}
 D - a potion of mutation {unknown}


   Skills:
 + Level 1.9 Fighting
 - Level 0.2 Throwing
 - Level 4.0 Dodging
 * Level 9.7 Stealth
 * Level 2.7 Shields
 * Level 11.8 Unarmed Combat
 - Level 0.8 Spellcasting
 - Level 0.6 Conjurations
 - Level 0.5 Air Magic
 + Level 4.8 Shapeshifting


You had 9 spell levels left.
You knew the following spells:

 Your Spells              Type           Power      Damage    Failure   Level
a - Shock                 Conj/Air       4%         1d3       30%         1

Your spell library contained the following spells:

 Spells                   Type           Power      Damage    Failure   Level
 Swiftness                Air            1%         N/A       67%         3
 Hailstorm                Conj/Ice       1%         3d5       69%         3
 Call Canine Familiar     Summ           0%         N/A       75%         3
 Inner Flame              Hex/Fire       0%         N/A       75%         3
 Sigil of Binding         Hex            0%         N/A       75%         3
 Summon Ice Beast         Ice/Summ       0%         N/A       75%         3
 Airstrike                Air            0%         2d(1-17)  97%         4
 Flame Wave               Conj/Fire      1%         2d4       97%         4
 Dimensional Bullseye     Hex/Tloc       0%         N/A       98%         4
 Sticky Flame             Fire/Alch      0%         2d4       98%         4
 Sculpt Simulacrum        Ice/Alch       0%         N/A       100%        6


Dungeon Overview and Level Annotations

Branches:
Dungeon (9/15)             Temple (1/1) D:6            Lair (1/5) D:8
  Sewer (visited)
    Orc: D:9-12

Altars:
Ashenzari
Cheibriados
Elyvilon
Fedhas
Gozag
Hepliaklqana
Kikubaaqudgha
Makhleb
Nemelex Xobeh
Okawaru
Qazlal
Sif Muna
Trog
Uskayaw
Wu Jian
Xom
Yredelemnul
Zin
The Shining One

Shops:
D:5 *

Annotations:
D:8 exclusion: two-headed ogre
D:9 Harold


Innate Abilities, Weirdness & Mutations

You are a hulking beast.
Your limbs bulge with bestial killing power. (Slay +2)
You cannot wear most types of armour.
You are amphibious.
You can wear up to eight rings at the same time.
Your skin changes colour to match your surroundings (Stealth+).
Your rubbery body absorbs attacks. (AC +1, EV +1)
((You are camouflaged when in or above water. (Stealth+)))
You have tentacles for arms and can constrict up to eight enemies at once.


Message History

You are encased in ice.
You barely miss the rime drake. Your squeeze misses the rime drake.
The rime drake is heavily wounded.
The rime drake bites you.
You tentacle-slap the rime drake.
The rime drake is severely wounded.
The rime drake misses you.
You bludgeon the rime drake!
You kill the rime drake!
You start resting.
The ice encasing you melts away.
HP restored.
You enter the shallow water.
You now have 535 gold pieces (gained 19).
A bullfrog comes into view.
No target in view!
A howler monkey comes into view.
The howler monkey moves out of view.
A howler monkey comes into view.
The howler monkey moves out of view.
There is a staircase to the Lair here.
You climb downwards.
Welcome to the Lair of Beasts!
There is a staircase back to the Dungeon here.
The bullfrog croaks.
You hear a bellow!
The komodo dragon hisses angrily.
The bullfrog hits you. You block the bullfrog's attack.
The komodo dragon bites you!!
You climb upwards.
Welcome back to the Dungeon!
Level annotation: exclusion: two-headed ogre The howler monkey howls!
There is a staircase to the Lair here.
The bullfrog hits you. The komodo dragon bites you!!
* * * LOW HITPOINT WARNING * * *
The air fills with toxic fumes!
As you read the scroll labelled AQIDOZ HOFROUS, it crumbles to dust.
It was a scroll of poison.
The bullfrog barely misses you.
The howler monkey hoots and howls with incredible vigour!
The bullfrog hits you.
You die...
Your body crumbles into a pile of gold.

#~.........~# #.# #§§§§§§.....###
#.# ..§§§§§§§.......## #.#
#.§§§§§§§........# #.#
##..§§#h§§§.#.#.)..## #.#
####...§§§§§§§###....§.# #.#
......#.#§§§§h§##.§§§#######.# ##
.....#§§#§§§§§#§§§§§#.......# .#
..g.#§§§§§§h§§§§#....#####.#
.#####gg.#§§#§§lF§#§§§§§~## #.#
..Yc$Y#..#.##§§§§###.#§§.######.#
.#####.@....###§#§ #....##.......
.# #.....#.#§§.###...~##.......
.# #.......§§§.......###.......
.. #.##....#§§........##.......
.. #.# #...§§§......#.##.......
..####.# #.........#.#.##.......


You could see a komodo dragon, a bullfrog and 2 howler monkeys.

Vanquished Creatures
  Pikel (D:6)
  Joseph (D:8)
  A rime drake (D:8)
  Psyche (D:8)
  A polar bear (D:8)
  A hornet (D:7)
  Prince Ribbit (D:6)
  Eustachio (D:6)
  Edmund (D:6)
  A water moccasin (D:7)
  Duvessa (D:6)
  4 ice beasts
  2 ogres
  A wolf (D:8)
  2 centaurs (D:8)
  3 bullfrogs
  2 kobold brigands (D:8)
  Dowan (D:6)
  5 howler monkeys
  4 bombardier beetles
  4 hounds
  An orc priest (D:7)
  2 gnoll boudas
  2 jellies
  An iguana (D:6)
  A sleepcap (D:7)
  6 orc wizards
  12 gnolls
  2 river rats (Sewer)
  12 adders
  A white imp (D:5)
  4 ufetubi (D:6)
  4 dart slugs
  20 orcs
  11 ball pythons
  9 endoplasms
  2 giant cockroaches (Sewer)
  6 hobgoblins
  7 jackals
  A quokka (D:3)
  12 bats
  8 frilled lizards
  7 goblins
  12 kobolds
  3 rats
185 creatures vanquished.

Notes
Turn   | Place    | Note
-------+----------+-------------------------------------------
     0 | D:1      | melchizedek the Octopode Shapeshifter began the quest for
                  | the Orb.
     0 | D:1      | Reached XP level 1. HP: 13/13 MP: 1/1
   263 | D:1      | Reached XP level 2. HP: 18/18 MP: 2/2
   307 | D:1      | Learned a level 1 spell: Shock
   418 | D:2      | Reached XP level 3. HP: 19/23 MP: 3/3
  1301 | D:3      | Reached skill level 4 in Unarmed Combat
  1301 | D:3      | Reached XP level 4. HP: 27/28 MP: 4/4
  1312 | D:3      | Noticed an ogre
  1312 | D:3      | Noticed an ice beast
  1455 | D:3      | Found a glowing drain.
  1466 | Sewer    | Entered a sewer
  1475 | Sewer    | Reached skill level 1 in Stealth
  1745 | Sewer    | Reached XP level 5. HP: 26/33 MP: 1/5
  2107 | Sewer    | Identified the +1 pair of gloves "Sadghev" {MP+9}
  2373 | D:3      | Identified the +5 mace "Foseun" {freeze, ^Fragile Str+7}
  2565 | D:3      | Reached skill level 5 in Unarmed Combat
  2633 | D:3      | Reached XP level 6. HP: 33/38 MP: 6/6
  3723 | D:5      | Entered Level 5 of the Dungeon
  3769 | D:5      | Found a shimmering altar of Xom.
  3796 | D:5      | Reached XP level 7. HP: 31/43 MP: 2/8
  3905 | D:5      | Reached skill level 6 in Unarmed Combat
  4035 | D:5      | Found Saq Sotor's Lightly-Used Armoury.
  4056 | D:5      | Found a basalt altar of Yredelemnul.
  4220 | D:5      | Found a stormy altar of Qazlal.
  4692 | D:6      | Noticed Duvessa
  4692 | D:6      | Noticed Dowan
  4712 | D:6      | Noticed Pikel
  4728 | D:6      | Killed Pikel
  4729 | D:6      | Reached skill level 5 in Stealth
  4729 | D:6      | Reached skill level 7 in Unarmed Combat
  4729 | D:6      | Reached XP level 8. HP: 26/48 MP: 9/9
  4924 | D:6      | Noticed Eustachio
  5228 | D:6      | Killed Duvessa
  5229 | D:6      | Reached skill level 8 in Unarmed Combat
  5229 | D:6      | Killed Dowan
  5521 | D:6      | Killed Eustachio
  5712 | D:6      | Found a staircase to the Ecumenical Temple.
  5735 | D:6      | Found a shimmering blue altar of Sif Muna.
  5830 | D:6      | Noticed Prince Ribbit
  5841 | D:6      | Killed Prince Ribbit
  5842 | D:6      | Reached skill level 9 in Unarmed Combat
  5842 | D:6      | Reached XP level 9. HP: 32/53 MP: 10/10
  6212 | D:6      | Noticed Edmund
  6335 | D:7      | Noticed a hornet
  6344 | D:7      | Paralysed by a hornet for 1 turns
  6347 | D:7      | Killed a hornet
  6661 | D:7      | Reached skill level 10 in Unarmed Combat
  7030 | D:7      | Found a bloodstained altar of Trog.
  7192 | D:7      | Identified the beast talisman of True Grit {Str+4}
  7310 | Temple   | Entered the Ecumenical Temple
  7410 | Temple   | Became a worshipper of Gozag Ym Sagoz the Greedy
  8378 | D:6      | Killed Edmund
  8437 | D:8      | Noticed a two-headed ogre
  8611 | D:8      | Noticed a rime drake
  8614 | D:8      | Noticed Joseph
  8643 | D:8      | Noticed a polar bear
  8645 | D:9      | Noticed Harold
  8680 | D:9      | Reached skill level 1 in Shields
  8957 | D:9      | Noticed a troll
  9022 | D:8      | Reached skill level 11 in Unarmed Combat
  9029 | D:8      | Reached XP level 10. HP: 33/59 MP: 11/11
  9082 | D:8      | Noticed Psyche
  9355 | D:8      | Killed Psyche
  9372 | D:8      | Killed Joseph
  9458 | D:8      | Found a staircase to the Lair.
  9568 | Lair:1   | Entered Level 1 of the Lair of Beasts
  9576 | D:8      | HP: 2/60 [komodo dragon (24)]
  9577 | D:8      | Slain by a bullfrog

Illustrated notes

Levels and vault maps discovered:
D:1:      dpeg_arrival_solitude, layout_loops_ring, serial_forest,
          infiniplex_forest_lined_1, infiniplex_forest_zigzag_1,
          infiniplex_forest_clump_curved, infiniplex_forest_clump_diagonal,
          infiniplex_forest_lined_room_3, infiniplex_forest_clump_tiny
D:2:      layout_loops_ring
D:3:      layout_loops_ring, portal_sewer_entry_d, lightli_corner_chamber
D:4:      nicolae_cairo_tiling_large_dashed, layout_cave_pools
D:5:      layout_loops_cross, yredelemnul_altar_generic,
          mainiacjoe_overflow_large_starburst, minmay_shop_damaged
D:6:      layout_gridville, led_sif_pool, temple_pool_b,
          chequers_decorated_corner, uniq_eustachio, uniq_prince_ribbit1,
          uniq_edmund, uniq_duvessa, uniq_pikel
D:7:      layout_cave_pods, kennysheep_mini_moat
D:8:      layout_basic, hellmonk_lair_entry_icy, corexii_leaking_fountain,
          nicolae_specific_store, uniq_joseph, uniq_psyche
D:9:      layout_rooms, david_orc_4, uniq_harold
Temple:   eino_temple_lava
Lair:1:   layout_big_grid

Skill      XL: |  1  2  3  4  5  6  7  8  9 10 |
---------------+-------------------------------+-----
Unarmed Combat | 4 5 7 9 11 | 11.8
Stealth        | 1 2 3 5 7 8 9 |  9.7
Shapeshifting  | 4 |  4.8
Dodging        | 3 4 |  4.0
Shields        | 1 2 |  2.7
Fighting       | |  1.9
Throwing       | |  0.2
Spellcasting   | |  0.8
Conjurations   | |  0.6
Air Magic      | |  0.5

Action                     |  1- 3 |  4- 6 |  7- 9 | 10-12 || total
---------------------------+-------+-------+-------+-------++-------
  Melee: Unarmed           |    42 |   103 |   183 |    26 ||   354
         Constrict         |     5 |    30 |    47 |     5 ||    87
         Tentacles         |     2 |    17 |    41 |     5 ||    65
         Punch             |       |     4 |    12 |     1 ||    17
  Throw: Dart              |       |     5 |    25 |     3 ||    33
   Cast: Shock             |     5 |    39 |    56 |       ||   100
    Use: Scroll            |     2 |     5 |     4 |     1 ||    12
         Potion            |       |     1 |     1 |     1 ||     3
   Stab: Sleeping          |     6 |     7 |     7 |       ||    20
         Distracted        |       |       |     1 |     1 ||     2
 Armour: Skin              |    10 |    46 |    84 |    13 ||   153
  Dodge: Dodged            |    17 |    65 |   104 |    12 ||   198
  Block: Buckler           |       |       |     6 |     4 ||    10
   Form: Beast             |       |       |     1 |       ||     1
